 Dungeon Crawl Stone Soup version 0.28.0-45-g0d030f2227 (webtiles) character file.

Game seed: 7128289179736497663

645 nickcage the Basher (level 7, -10/57 HPs)
             Began as a Minotaur Abyssal Knight on Apr 12, 2022.
             Was a Priest of Lugonu.
             Mangled by an ice beast (12 damage)
             ... on level 5 of the Dungeon.
             The game lasted 00:07:49 (4366 turns).

nickcage the Basher (Minotaur Abyssal Knight)       Turns: 4366, Time: 00:07:49

Health: -10/57     AC: 11    Str: 22    XL:     7   Next: 27%
Magic:  0/7        EV:  8    Int:  7    God:    Lugonu [***...]
Gold:   412        SH:  0    Dex: 10    Spells: 6/6 levels left

rFire   . . .      SeeInvis .   n - +8 whip of Punar {flame, Will- rCorr Str+2}
rCold   . . .      Faith    .   (no shield)
rNeg    + . .      Spirit   +   s - +0 chain mail
rPois   .          Reflect  .   (helmet restricted)
rElec   .          Harm     .   (no cloak)
rCorr   +          Rampage  .   t - +0 pair of gloves
Will    .....                   w - +0 pair of boots
Stlth   ..........              y - amulet of guardian spirit
HPRegen 0.19/turn               j - ring of positive energy
MPRegen 0.10/turn               (no ring)

@: no status effects
A: horns 2, retaliatory headbutt
a: Renounce Religion, Depart the Abyss, Bend Space, Banish


You were on level 5 of the Dungeon.
You worshipped Lugonu.
Lugonu was most pleased with you.
You visited 1 branch of the dungeon, and saw 6 of its levels.
You visited the Abyss 1 time.

You collected 412 gold pieces.

Inventory:

Hand Weapons
 a - a +1 mace
 n - the +8 whip of Punar (weapon) {flame, Will- rCorr Str+2}
   (You found it on level 2 of the Dungeon)

   It burns those it strikes, dealing additional fire damage.
   Str:       It affects your strength (+2).
   rCorr:     It protects you from acid and corrosion.
   Will:      It decreases your willpower.
Missiles
 v - 5 atropa-tipped darts (quivered)
Armour
 b - a +0 leather armour
 p - a +0 scale mail
 s - a +0 chain mail (worn)
 t - a +0 pair of gloves (worn)
 w - a +0 pair of boots (worn)
Jewellery
 j - a ring of positive energy (left hand)
 x - a ring of positive energy
 y - an amulet of guardian spirit (around neck)
Wands
 q - a wand of acid (11)
Scrolls
 d - 5 scrolls of teleportation {unknown}
 f - 2 scrolls of immolation {unknown}
 h - a scroll of torment {unknown}
 k - 7 scrolls of identify {unknown}
 l - 3 scrolls of fog {unknown}
 o - a scroll of holy word {unknown}
 r - a scroll of enchant armour {unknown}
Potions
 c - 2 potions of degeneration {unknown}
 e - a potion of mutation {unknown}
 g - 7 potions of curing {unknown}
 i - a potion of attraction {unknown}
 m - a potion of magic {unknown}
 u - a potion of haste {unknown}
 z - 2 potions of lignification {unknown}


   Skills:
 - Level 3.6 Fighting
 + Level 9.8 Maces & Flails
 - Level 2.4 Armour
 - Level 1.1 Dodging
 - Level 1.7 Invocations


You had 6 spell levels left.
You didn't know any spells.
Your spell library contained the following spells:

 Spells                   Type           Power      Damage    Failure   Level
 Call Canine Familiar     Summ           0%         N/A       100%        3
 Portal Projectile        Hex/Tloc       0%         N/A       100%        3
 Leda's Liquefaction      Hex/Erth       0%         N/A       100%        4


Dungeon Overview and Level Annotations

Branches:
Dungeon (6/15)
 Temple: D:4-7

Altars:
Ru
The Shining One

Annotations:
D:3 2 transporters, Zeld's ghost, weakling MiFi


Innate Abilities, Weirdness & Mutations

You have a pair of horns on your head.
You reflexively headbutt those who attack you in melee.


Message History

The gnoll sergeant is heavily wounded.
The gnoll sergeant blocks your attack.
You headbutt the gnoll sergeant.
The gnoll sergeant is heavily wounded.
The gnoll barely misses you. The gnoll hits you but does no damage.
The ice beast barely misses you.
The gnoll sergeant hits you with a +5 spear!
You are too injured to fight recklessly!
You are too injured to fight recklessly!
You are too injured to fight recklessly!
You are too injured to fight recklessly!
You completely miss the ice beast.
You punch the ice beast, but do no damage.
The gnoll closely misses you. The gnoll barely misses you.
The ice beast closely misses you. The gnoll sergeant barely misses you.
You hit the gnoll sergeant. You burn the gnoll sergeant.
The gnoll sergeant is severely wounded.
You hit the gnoll sergeant but do no damage.
Your headbutt misses the gnoll sergeant.
The gnoll sergeant is severely wounded.
The gnoll hits you but does no damage.
The gnoll hits you from afar with a +0 spear.
The ice beast hits you. The ice beast freezes you!
* * * LOW HITPOINT WARNING * * *
The gnoll sergeant hits you with a +5 spear.
* * * LOW HITPOINT WARNING * * *
You whack the gnoll sergeant! You burn the gnoll sergeant.
You kill the gnoll sergeant!
Lugonu accepts your kill. The gnoll completely misses you.
The gnoll hits you from afar with a +0 spear.
* * * LOW HITPOINT WARNING * * *
There is a stone staircase leading up here.
The ice beast hits you but does no damage.
The gnoll closely misses you.
You climb upwards.
There is a stone staircase leading down here.
You completely miss the ice beast. The ice beast hits you.
* * * LOW HITPOINT WARNING * * *
The ice beast freezes you!
You die...

.........##...........####....###
.........#............##.##....#.
.........#.............#..#.#....
.........##........#........#....
.#.................#.............
.#..###................##..######
...###.........................##
...####.........................#
..###....<......@Y.............##
.##..............<...##....#####
###.........###.......#.....#
...........####...#.........###
....##.....###[..#####........#
##..##......###.## ##.....###
##...............## #.....##
#.................# ##.....##
.......##.........#####.......#


You could see an ice beast.

Vanquished Creatures
  A necrophage (D:4)
  A centaur (D:5)
  A gnoll sergeant (D:6)
  A scorpion (D:5)
  2 bullfrog skeletons (D:5)
  A hound (D:4)
  A jelly (D:5)
  2 iguanas (D:5)
  A hound skeleton (D:5)
  3 adders
  3 gnolls (D:6)
  A howler monkey skeleton (D:5)
  A white imp (D:5)
  3 ufetubi
  An adder zombie (D:5)
  2 worms
  2 dart slugs
  2 orcs
  7 ball pythons
  5 bats
  10 endoplasms
  4 giant cockroaches
  9 goblins
  8 hobgoblins
  2 quokkas
  4 frilled lizards
  9 kobolds
  3 rats
90 creatures vanquished.

Notes
Turn   | Place    | Note
-------+----------+-------------------------------------------
     0 | Abyss:1  | nickcage the Minotaur Abyssal Knight began the quest for
                  | the Orb.
     0 | Abyss:1  | Reached XP level 1. HP: 19/19 MP: 1/1
    11 | D:1      | Escaped the Abyss
   225 | D:1      | Reached skill level 3 in Maces & Flails
   366 | D:1      | Reached XP level 2. HP: 24/26 MP: 2/2
   701 | D:1      | Found a faded altar of an unknown god.
   778 | D:1      | Reached skill level 4 in Maces & Flails
  1036 | D:1      | Reached ** piety under Lugonu
  1037 | D:1      | Reached XP level 3. HP: 28/31 MP: 3/3
  1551 | D:2      | Reached skill level 5 in Maces & Flails
  1842 | D:2      | Identified the +8 whip of Punar {flame, Will- rCorr Str+2}
  2060 | D:2      | Reached XP level 4. HP: 39/39 MP: 4/4
  2262 | D:3      | Found a transporter.
  2263 | D:3      | Noticed an ogre
  2263 | D:3      | Noticed Zeld's ghost (weakling MiFi)
  2263 | D:3      | Noticed an ogre
  2263 | D:3      | Identified the +9 great mace "Osydent" {speed, rElec rC+}
  2263 | D:3      | Noticed an ogre
  2314 | D:3      | Found a transporter.
  2694 | D:4      | Noticed a necrophage
  2701 | D:4      | Killed a necrophage
  2702 | D:4      | Reached skill level 6 in Maces & Flails
  2702 | D:4      | Reached XP level 5. HP: 39/45 MP: 5/5
  2855 | D:4      | Found a sacrificial altar of Ru.
  2859 | D:4      | Reached skill level 7 in Maces & Flails
  2911 | D:4      | Reached *** piety under Lugonu
  3321 | D:4      | Found a glowing golden altar of the Shining One.
  3423 | D:5      | Entered Level 5 of the Dungeon
  3423 | D:5      | Noticed a centaur
  3649 | D:5      | Reached XP level 6. HP: 46/51 MP: 6/6
  3677 | D:5      | Reached skill level 8 in Maces & Flails
  3783 | D:5      | Reached skill level 9 in Maces & Flails
  3931 | D:5      | Reached XP level 7. HP: 56/57 MP: 7/7
  4366 | D:5      | HP: 2/57 [ice beast (3)]
  4366 | D:5      | Mangled by an ice beast

Illustrated notes

Levels and vault maps discovered:
D:1:      heliophobic_arrival_ceremonial_halls, layout_loops_corners,
          hellmonk_ecumenical_altar_zigzags
D:2:      layout_loops_cross, nicolae_elevator_lobby_plus
D:3:      layout_rooms, gammafunk_ghost_smash
D:4:      layout_basic, amcnicky_altar_gilded, nicolae_overflow_crystal_walls,
          kennysheep_small_spiral
D:5:      layout_cave_pools, grunt_decor_junction
D:6:      layout_cave_pools, lemuel_coloured_pillars_altar,
          okawaru_ov_weapons_minmay, kennysheep_orc_sif_temple,
          minmay_temple_entry_junction

Skill      XL: |  1  2  3  4  5  6 |
---------------+-------------------+-----
Maces & Flails | 3 4 5 6 7 9 |  9.8
Fighting       | |  3.6
Armour         | |  2.4
Dodging        | |  1.1
Invocations    | |  1.7

Action                   |  1- 3 |  4- 6 |  7- 9 || total
-------------------------+-------+-------+-------++-------
Melee: Mace              |    87 |       |       ||    87
       Headbutt          |     8 |    10 |     5 ||    23
       Whip              |     5 |    66 |    23 ||    94
       Punch             |       |     1 |     1 ||     2
Armor: Leather armour    |    25 |       |       ||    25
       Scale mail        |     1 |     6 |       ||     7
       Chain mail        |       |    14 |    14 ||    28
Dodge: Dodged            |    49 |    19 |    21 ||    89
